 Dungeon Sprint DCSS version 0.17-a0-1450-g7e755d1 (webtiles) character file.

18975 pulse the Executioner (level 13, -11/103 HPs)
             Began as a Formicid Fighter on June 30, 2015.
             Was the Champion of Qazlal.
             Mangled by a stone giant (38 damage)
             ... in the Dungeon (Sprint IX: "|||||||||||||||||||||||||||||").
             The game lasted 00:12:01 (2334 turns).

pulse the Executioner (Formicid Fighter)            Turns: 2334, Time: 00:12:01

Health: -11/103    AC: -4    Str: 25    XL:     13   Next: 1%
Magic:  5/20       EV:  9    Int:  9    God:    Qazlal [******]
Gold:   1216       SH: 30    Dex: 18    Spells: 0 memorised, 12 levels left

rFire  . . .     SeeInvis +     H - +2 war axe of Valuable Assets {vamp, Dex+5}
rCold  . . .     Clarity  +     J - +2 plate armour
rNeg   . . .     SustAt   .     K - +3 large shield
rPois  .         Gourm    .     (helmet unavailable)
rElec  .         Spirit   .     q - +0 cloak
rCorr  .         Warding  .     I - +1 pair of gloves
rMut   .         Stasis   +     r - +0 pair of boots
MR     +....                    b - amulet of clarity
Stlth  ..........               u - +2 ring of evasion
                                t - +3 ring of dexterity

@: protected from physical damage, corroded equipment, repel missiles, somewhat
resistant to hostile enchantments, extremely unstealthy
A: permanent stasis, dig shafts and tunnels, four strong arms, antennae 3
a: Dig, Upheaval, Elemental Force, Disaster Area, Renounce Religion


You were in the Dungeon.
You worshipped Qazlal.
Qazlal was exalted by your worship.
You were hungry.

You visited 1 branch You collected 1557 gold pieces.
You spent 341 gold pieces at shops.

Inventory:

Hand weapons
 p - a +1 broad axe of chopping
 E - a +0 battleaxe
 H - the +2 war axe of Valuable Assets (weapon) {vamp, Dex+5}
   (You found it in the Dungeon)

   It inflicts no extra harm, but heals its wielder somewhat when it strikes a
   living foe.
   It affects your dexterity (+5).
Armour
 q - a +0 cloak (worn)
 r - a +0 pair of boots (worn)
 I - a +1 pair of gloves (worn)
 J - a +2 plate armour (worn)
 K - a +3 large shield (worn)
Jewellery
 b - an amulet of clarity (around neck)
 t - a +3 ring of dexterity (left hand)
 u - a +2 ring of evasion (right hand)
 F - an uncursed ring of protection from magic
 G - an uncursed ring of fire
Magical devices
 o - a wand of draining (6)
 D - a wand of frost (30)
Scrolls
 a - a scroll of fear
 k - 3 scrolls of blinking
 m - 3 scrolls of remove curse
 n - 2 scrolls of amnesia
 w - a scroll of fog
 x - 3 scrolls of identify
 y - 4 scrolls of enchant weapon
 z - a scroll of recharging
Potions
 d - 3 potions of cure mutation
 h - a potion of haste
 i - 4 potions of magic
 j - 2 potions of berserk rage
 v - 2 potions of brilliance
 B - 2 potions of curing
 C - a potion of mutation
Books
 e - a book of Enchantments

   Spells                             Type                      Level
   a - Cause Fear                     Hexes                        4
   b - Silence                        Hexes/Air                    5
   c - Deflect Missiles               Charms/Air                   6
   d - Haste                          Charms                       6
   e - Discord                        Hexes                        8
Comestibles
 f - 40 fruits
 g - 12 bread rations
 l - 11 meat rations


   Skills:
 + Level 10.0 Fighting
 * Level 24.3 Axes
 + Level 8.2 Armour
 - Level 1.1 Dodging
 + Level 11.5 Shields
 * Level 10.6 Invocations
 + Level 1.8 Evocations


You had 12 spell levels left.
You didn't know any spells.

Dungeon Overview and Level Annotations

Branches:
Dungeon (1/1)

Altars:
Cheibriados
Dithmenos
Elyvilon
Fedhas
Gozag
Kikubaaqudgha
Makhleb
Nemelex Xobeh
Okawaru
Qazlal
Ru
Sif Muna
Trog
Vehumet
Xom
Yredelemnul
Zin
The Shining One
Beogh
Jiyva
Lugonu

Shops:
D !%}(


Innate Abilities, Weirdness & Mutations

You are under a permanent stasis effect.
You can dig through walls and to a lower floor.
Your four strong arms can wield two-handed weapons with a shield.
You have a pair of large antennae on your head (SInv).


Message History

The cutting wind hits the ettin.
The ettin is heavily wounded.
You block the stone giant's attack.
Unknown command.
Use which ability? (? or * to list) Nature churns violently around you!
The blast of rubble hits the ettin.
The ettin is heavily wounded.
The blast of rubble hits the entropy weaver.
The entropy weaver is severely wounded.
The blast of ice hits the entropy weaver.
You kill the entropy weaver!
Qazlal accepts your kill.
The blast of rubble hits the red ugly thing.
You kill the red ugly thing!
Qazlal accepts your kill.
Your Fighting skill increases to level 10!
You have reached level 13!
The stone giant hits you!!!
You die...

{
▓.▓.▓.▓.▓.▓.▓'▓
{
▓.▓.▓)▓.▓.▓.▓.▓
{
▓(▓.▓)▓.▓†▓.▓.▓
{
▓.▓.▓)▓.▓.▓.▓|▓
{
▓)▓.▓)▓.▓.▓.▓)▓
{
▓)▓.▓)▓.▓.▓.▓.▓
▓≈▓.▓.▓.▓.▓.▓.▓
{
▓)▓.▓∩▓.▓.▓.▓.▓
{
▓@▓.▓.▓.▓.▓.▓.▓
{
▓C▓.▓∩▓.▓.▓.▓[▓
{
▓)▓.▓.▓.▓.▓.▓)▓
{
▓†▓.▓∩▓.▓)▓.▓.▓
{
▓)▓.▓.▓.▓.▓.▓)▓
{
▓)▓.▓∩▓.▓.▓.▓.▓
▓C▓.▓)▓.▓.▓.▓.▓
▓§▓.▓.▓.▓'▓.▓.▓
{▓.▓.▓.▓.▓.▓.▓


You could see a stone giant and an ettin.

Vanquished Creatures
  A very ugly thing (D)
  An entropy weaver (D)
  A hydra (D)
  Erica (D)
  A centaur warrior (D)
  3 ogre magi (D)
  A tengu warrior (D)
  A death yak (D)
  Urug (D)
  Sonja (D)
  3 orc knights (D)
  2 hill giants (D)
  2 black mambas (D)
  2 ugly things (D)
  A manticore (D)
  Maurice (D)
  4 spiny frogs (D)
  2 giant leeches (D)
  A slime creature (D)
  5 two-headed ogres (D)
  4 blink frogs (D)
  A wyvern (D)
  A shadow (D)
  A hippogriff (D)
  A deep elf mage (D)
  A yak (D)
  Eustachio (D)
  A basilisk (D)
  A vampire mosquito (D)
  8 orc warriors (D)
  A porcupine (D)
  A black bear (D)
  5 ogres (D)
  A phantom (D)
  2 centaurs (D)
  3 crocodiles (D)
  2 giant frogs (D)
  A killer bee (D)
  A scorpion (D)
  A wight (D)
  An iguana (D)
  6 orc priests (D)
  An orc wizard (D)
  A worker ant (D)
  10 orcs (D)
  2 bat skeletons (D)
  2 goblins (D)
  4 hobgoblins (D)
  A jackal (D)
  2 kobolds (D)
  A rat (D)
104 creatures vanquished.

Vanquished Creatures (others)
  A fungus (D)
1 creature vanquished.

Grand Total: 105 creatures vanquished

Notes
Turn   | Place    | Note
--------------------------------------------------------------
     0 | D        | pulse the Formicid Fighter began the quest for the Orb.
     0 | D        | Reached XP level 1. HP: 18/18 MP: 1/1
    20 | D        | Reached skill level 4 in Armour
    30 | D        | Reached XP level 2. HP: 18/25 MP: 2/2
   114 | D        | Reached skill level 1 in Dodging
   155 | D        | Found a glowing silver altar of Zin.
   155 | D        | Found a glowing golden altar of the Shining One.
   155 | D        | Found an ancient bone altar of Kikubaaqudgha.
   155 | D        | Found a basalt altar of Yredelemnul.
   155 | D        | Found a shimmering altar of Xom.
   155 | D        | Found a radiant altar of Vehumet.
   156 | D        | Found an iron altar of Okawaru.
   157 | D        | Found a burning altar of Makhleb.
   158 | D        | Found a deep blue altar of Sif Muna.
   159 | D        | Found a bloodstained altar of Trog.
   160 | D        | Found a sparkling altar of Nemelex Xobeh.
   161 | D        | Found a white marble altar of Elyvilon.
   162 | D        | Found a roughly hewn altar of Beogh.
   163 | D        | Found a viscous altar of Jiyva.
   164 | D        | Found a corrupted altar of Lugonu.
   165 | D        | Found a blossoming altar of Fedhas.
   166 | D        | Found a snail-covered altar of Cheibriados.
   167 | D        | Found a shadowy altar of Dithmenos.
   168 | D        | Found a stormy altar of Qazlal.
   169 | D        | Found an opulent altar of Gozag.
   170 | D        | Found a sacrificial altar of Ru.
   176 | D        | Became a worshipper of Qazlal Stormbringer
   224 | D        | Noticed a hill giant
   224 | D        | Noticed an orc warrior
   224 | D        | Noticed a scorpion
   233 | D        | Killed a hill giant
   233 | D        | Reached skill level 13 in Axes
   233 | D        | Reached XP level 3. HP: 27/30 MP: 3/3
   233 | D        | Reached XP level 4. HP: 33/37 MP: 4/4
   233 | D        | Reached XP level 5. HP: 37/42 MP: 5/5
   233 | D        | Reached XP level 6. HP: 42/48 MP: 6/6
   233 | D        | Reached XP level 7. HP: 47/54 MP: 7/7
   235 | D        | Acquired Qazlal's first power
   237 | D        | Killed an orc warrior
   241 | D        | Killed a scorpion
   241 | D        | Acquired Qazlal's second power
   241 | D        | Reached skill level 14 in Axes
   247 | D        | Noticed a killer bee
   247 | D        | Noticed a black bear
   247 | D        | Noticed a phantom
   247 | D        | Noticed a hill giant
   247 | D        | Noticed a worker ant
   250 | D        | Killed a killer bee
   252 | D        | Killed a black bear
   252 | D        | Reached skill level 15 in Axes
   252 | D        | Reached XP level 8. HP: 55/60 MP: 8/8
   255 | D        | Killed a phantom
   258 | D        | Killed a hill giant
   258 | D        | Acquired Qazlal's third power
   258 | D        | Reached skill level 16 in Axes
   263 | D        | Killed a worker ant
   378 | D        | Noticed a spiny frog
   378 | D        | Noticed a black mamba
   378 | D        | Noticed a hippogriff
   378 | D        | Noticed a black mamba
   378 | D        | Noticed a porcupine
   378 | D        | Noticed a crocodile
   381 | D        | Noticed an iguana
   383 | D        | Killed a spiny frog
   383 | D        | Reached skill level 17 in Axes
   383 | D        | Reached XP level 9. HP: 36/65 MP: 9/9
   386 | D        | Noticed a spiny frog
   399 | D        | Killed a black mamba
   399 | D        | Acquired Qazlal's fourth power
   399 | D        | Reached skill level 18 in Axes
   405 | D        | Noticed a blink frog
   406 | D        | Killed a hippogriff
   410 | D        | Killed a black mamba
   411 | D        | Killed a porcupine
   411 | D        | Reached skill level 19 in Axes
   415 | D        | Killed a crocodile
   419 | D        | Killed an iguana
   419 | D        | Acquired Qazlal's fifth power
   424 | D        | Killed a blink frog
   432 | D        | Killed a spiny frog
   432 | D        | Reached XP level 10. HP: 26/72 MP: 10/10
   722 | D        | Noticed a wyvern
   722 | D        | Noticed a blink frog
   722 | D        | Noticed a giant frog
   722 | D        | Noticed a crocodile
   722 | D        | Noticed a basilisk
   722 | D        | Noticed a yak
   726 | D        | Noticed an eight-headed hydra
   726 | D        | Killed a wyvern
   726 | D        | Reached skill level 1 in Invocations
   727 | D        | Killed a blink frog
   727 | D        | Reached skill level 20 in Axes
   727 | D        | Killed a giant frog
   729 | D        | Killed a crocodile
   732 | D        | Noticed a death yak
   732 | D        | Killed a basilisk
   732 | D        | Reached skill level 5 in Armour
   733 | D        | Noticed a crocodile
   738 | D        | Killed a ten-headed hydra
   738 | D        | Reached skill level 5 in Fighting
   738 | D        | Reached skill level 5 in Shields
   751 | D        | Killed a death yak
   753 | D        | Killed a yak
   755 | D        | Killed a crocodile
  1047 | D        | Noticed a vampire mosquito
  1047 | D        | Noticed a spiny frog
  1047 | D        | Noticed a spiny frog
  1047 | D        | Noticed a blink frog
  1047 | D        | Noticed a giant leech
  1047 | D        | Noticed a giant leech
  1049 | D        | Killed a vampire mosquito
  1049 | D        | Reached skill level 21 in Axes
  1053 | D        | Killed a spiny frog
  1053 | D        | Reached XP level 11. HP: 81/81 MP: 14/14
  1055 | D        | Noticed a giant frog
  1058 | D        | Killed a spiny frog
  1064 | D        | Noticed a blink frog
  1065 | D        | Killed a blink frog
  1065 | D        | Reached skill level 5 in Invocations
  1067 | D        | Killed a giant leech
  1073 | D        | Killed a giant leech
  1074 | D        | Killed a giant frog
  1082 | D        | Killed a blink frog
  1164 | D        | Noticed Eustachio
  1184 | D        | Noticed Erica
  1185 | D        | Noticed Maurice
  1201 | D        | Killed Erica
  1211 | D        | Killed Maurice
  1238 | D        | Killed Eustachio
  1287 | D        | Noticed an orc wizard
  1287 | D        | Noticed an orc priest
  1291 | D        | Killed an orc wizard
  1299 | D        | Killed an orc priest
  1305 | D        | Noticed an orc priest
  1309 | D        | Noticed an orc priest
  1311 | D        | Noticed an orc priest
  1318 | D        | Killed an orc priest
  1321 | D        | Killed an orc priest
  1325 | D        | Killed an orc priest
  1554 | D        | Noticed an orc warrior
  1554 | D        | Noticed an orc priest
  1554 | D        | Noticed an orc warrior
  1554 | D        | Noticed an orc warrior
  1554 | D        | Noticed an orc knight
  1554 | D        | Noticed an orc priest
  1557 | D        | Noticed an orc warrior
  1558 | D        | Killed an orc warrior
  1563 | D        | Killed an orc priest
  1563 | D        | Reached skill level 22 in Axes
  1564 | D        | Noticed an orc knight
  1587 | D        | Killed an orc knight
  1589 | D        | Killed an orc warrior
  1594 | D        | Killed an orc warrior
  1608 | D        | Killed an orc knight
  1610 | D        | Killed an orc warrior
  1611 | D        | Noticed an orc knight
  1616 | D        | Killed an orc priest
  1618 | D        | Noticed an orc warrior
  1625 | D        | Noticed an orc warrior
  1628 | D        | Killed an orc knight
  1632 | D        | Killed an orc warrior
  1636 | D        | Killed an orc warrior
  1763 | D        | Noticed an orc warrior
  1776 | D        | Killed an orc warrior
  1836 | D        | Found Ephubietou's Distillery.
  1836 | D        | Noticed a two-headed ogre
  1836 | D        | Noticed a two-headed ogre
  1837 | D        | Noticed a two-headed ogre
  1838 | D        | Noticed an ogre mage
  1841 | D        | Killed a two-headed ogre
  1842 | D        | Noticed a two-headed ogre
  1843 | D        | Noticed an ogre mage
  1844 | D        | Killed a two-headed ogre
  1845 | D        | Noticed an ogre
  1845 | D        | Found Neschan's Food Shoppe.
  1846 | D        | Noticed an ogre
  1848 | D        | Noticed an ogre
  1856 | D        | Killed an ogre mage
  1856 | D        | Reached XP level 12. HP: 89/92 MP: 18/18
  1859 | D        | Killed a two-headed ogre
  1860 | D        | Noticed an ogre
  1861 | D        | Noticed an ogre
  1865 | D        | Killed an ogre mage
  1865 | D        | Reached skill level 23 in Axes
  1869 | D        | Killed a two-headed ogre
  1872 | D        | Killed an ogre
  1873 | D        | Found Berghigho's Gadget Emporium.
  1874 | D        | Killed an ogre
  1876 | D        | Killed an ogre
  1880 | D        | Killed an ogre
  1883 | D        | Killed an ogre
  1885 | D        | Found Xiuh's Antique Weapon Shoppe.
  1889 | D        | Noticed an ogre mage
  1890 | D        | Noticed a two-headed ogre
  1904 | D        | Killed an ogre mage
  1906 | D        | Killed a two-headed ogre
  1928 | D        | Bought a potion of curing for 42 gold pieces
  1928 | D        | Bought a potion of mutation for 35 gold pieces
  1928 | D        | Bought 2 potions of curing for 84 gold pieces
  1936 | D        | Bought a wand of frost (34) for 180 gold pieces
  1999 | D        | Noticed Sonja
  2004 | D        | Noticed Urug
  2016 | D        | Killed Sonja
  2026 | D        | Killed Urug
  2026 | D        | Reached skill level 1 in Evocations
  2110 | D        | Got the +2 war axe of Valuable Assets {vamp, Dex+5}
  2248 | D        | Noticed a centaur
  2248 | D        | Noticed a shadow
  2248 | D        | Noticed a manticore
  2248 | D        | Noticed a deep elf mage
  2248 | D        | Noticed a wight
  2248 | D        | Noticed a brown ugly thing
  2251 | D        | Noticed a centaur warrior
  2253 | D        | Killed a centaur
  2254 | D        | Noticed a green very ugly thing
  2255 | D        | Killed a shadow
  2260 | D        | Noticed a slime creature
  2263 | D        | Killed a manticore
  2263 | D        | Reached skill level 10 in Shields
  2264 | D        | Noticed a stone giant
  2266 | D        | Noticed a tengu warrior
  2282 | D        | Killed a green very ugly thing
  2287 | D        | Killed a green ugly thing
  2289 | D        | Noticed a red ugly thing
  2293 | D        | Killed a deep elf mage
  2295 | D        | Noticed a centaur
  2302 | D        | Killed a centaur warrior
  2302 | D        | Reached skill level 24 in Axes
  2302 | D        | Reached skill level 10 in Invocations
  2303 | D        | Noticed an entropy weaver
  2310 | D        | Killed a slime creature
  2311 | D        | Noticed an ettin
  2333 | D        | Killed a tengu warrior
  2333 | D        | Killed a wight
  2333 | D        | Killed a centaur
  2334 | D        | Killed an entropy weaver
  2334 | D        | Killed a red ugly thing
  2334 | D        | Reached skill level 10 in Fighting
  2334 | D        | Reached XP level 13. HP: 27/103 MP: 12/20
  2334 | D        | Mangled by a stone giant

Vault maps used:
D:        linesprint

Action                   |  1- 3 |  4- 6 |  7- 9 | 10-12 | 13-15 || total
-------------------------+-------+-------+-------+-------+-------++-------
Melee: War axe           |    40 |       |       |    74 |       ||   114
       Broad axe         |     6 |       |    73 |   281 |       ||   360
Invok: Upheaval          |       |       |       |     2 |       ||     2
       Disaster Area     |       |       |       |     1 |     1 ||     2
Evoke: Wand              |       |       |       |     5 |       ||     5
  Use: Potion            |     2 |       |     5 |     8 |       ||    15
       Scroll            |       |       |       |     2 |       ||     2
 Stab: Invisible         |       |       |       |    11 |       ||    11
  Eat: Bread ration      |       |       |       |     1 |       ||     1
       Meat ration       |       |       |       |     1 |       ||     1
